 Dungeon Crawl Stone Soup version 0.27-a0-676-gc1da3516c2 (webtiles) character file.

Game seed: 11564587459545150848

2111 Rosaphim the Protected (level 9, -6/80 HPs)
             Began as a Minotaur Fighter on Mar 18, 2021.
             Was a Believer of Okawaru.
             Mangled by Wargrak the orc high priest
             ... wielding a +0 glaive
             ... created by the wrath of Beogh
              (10 damage)
             ... on level 8 of the Dungeon.
             The game lasted 00:09:03 (6399 turns).

Rosaphim the Protected (Minotaur Fighter)           Turns: 6399, Time: 00:09:03

Health: -6/80      AC: 15    Str: 25    XL:     9   Next: 7%
Magic:  5/7        EV: 14    Int:  5    God:    Okawaru [**....]
Gold:   332        SH: 14    Dex: 21    Spells: 8/8 levels left

rFire    . . .     SeeInvis .   a - +1 war axe
rCold    . . .     Faith    .   c - +0 kite shield
rNeg     . . .     Spirit   .   p - +0 chain mail
rPois    .         Reflect  .   (helmet restricted)
rElec    .         Harm     .   n - +1 cloak
rCorr    .         Rampage  .   (no gloves)
Will     .....     Rnd*Rage +   (no boots)
Stlth    ..........             (no amulet)
HPRegen  0.23/turn              g - +6 ring of dexterity
MPRegen  0.10/turn              s - +6 ring of dexterity

@: mighty, heroic
A: horns 2, retaliatory headbutt, repulsion field 1, berserk 1, low mp 1, no
potion heal 1
a: Renounce Religion, Heroism


You were on level 8 of the Dungeon.
You worshipped Okawaru.
Okawaru was pleased with you.
You visited 1 branch of the dungeon, and saw 8 of its levels.

You collected 332 gold pieces.

Inventory:

Hand Weapons
 a - a +1 war axe (weapon)
Missiles
 w - 4 javelins (quivered)
Armour
 c - a +0 kite shield (worn)
 n - a +1 cloak (worn)
 p - a +0 chain mail (worn)
Jewellery
 g - a +6 ring of dexterity (right hand)
 s - a +6 ring of dexterity (left hand)
 v - an amulet of the acrobat
Wands
 i - a wand of charming (11)
 t - a wand of iceblast (12)
 x - a wand of flame (19)
 z - a wand of acid (5)
Scrolls
 f - a scroll of teleportation
 j - a scroll of fear {unknown}
 k - a scroll of enchant weapon
 r - a scroll of identify
Potions
 b - 2 potions of lignification
 d - 3 potions of might
 l - a potion of mutation
 m - 2 potions of haste {unknown}
 o - 4 potions of brilliance {unknown}
 q - 2 potions of attraction {unknown}
 u - 5 potions of curing {unknown}


   Skills:
 + Level 7.6(12.6) Fighting
 + Level 7.7(12.7) Axes
 + Level 8.1(13.1) Armour
 - Level 1.2(6.2) Dodging
 + Level 7.9(12.9) Shields


You had 8 spell levels left.
You didn't know any spells.
Your spell library contained the following spells:

 Spells                   Type           Power      Damage    Failure   Level
 Animate Skeleton         Necr           0%         N/A       96%         1
 Apportation              Tloc           0%         N/A       96%         1
 Corona                   Hex            0%         N/A       96%         1
 Magic Dart               Conj           0%         1d3       96%         1
 Summon Small Mammal      Summ           0%         N/A       96%         1
 Blink                    Tloc           N/A        N/A       99%         2
 Call Imp                 Summ           0%         N/A       99%         2
 Slow                     Hex            0%         N/A       99%         2
 Conjure Flame            Conj/Fire      0%         6-21      100%        3
 Mephitic Cloud           Conj/Pois/Air  0%         N/A       100%        3


Dungeon Overview and Level Annotations

Branches:
Dungeon (9/15)
 Temple: D:4-7         Lair: D:8-11         Orc: D:9-12

Altars:
Cheibriados
Dithmenos
Fedhas
Gozag
Makhleb
Nemelex Xobeh
Okawaru
Ru
Vehumet
Zin

Shops:
D:1 [   D:6 *


Innate Abilities, Weirdness & Mutations

You have a pair of horns on your head.
You reflexively headbutt those who attack you in melee.
You are surrounded by a mild repulsion field. (EV +2)
You tend to lose your temper in combat.
Your magical capacity is low. (-10% MP)
Potions are less effective at restoring your health.


Message History

You kill the orc!
That felt strangely unrewarding.
You hit the warg. You closely miss Wargrak. You block the warg's attack.
The warg bites you! Wargrak hits you but does no damage.
Unknown command.
You closely miss Wargrak. You closely miss the warg.
You block the warg's attack. Wargrak hits you with a +0 glaive!
* * * LOW HITPOINT WARNING * * *
The warg bites you!
* * * LOW HITPOINT WARNING * * *
Unknown command.
It was a potion of mutation.
You feel extremely strange.
You feel less energetic.
You feel a little pissed off.
Your system partially rejects the healing effects of potions.
You begin to radiate repulsive energy.
You block Wargrak's attack. You block the warg's attack.
You gain the combat prowess of a mighty hero.
You block the warg's attack. You block Wargrak's attack.
You closely miss Wargrak. You headbutt Wargrak!!
Wargrak is heavily wounded.
You slash the warg! You block the warg's attack.
Wargrak invokes the aid of Beogh against you.
Pain shoots through your body!
* * * LOW HITPOINT WARNING * * *
Wargrak barely misses you. You block the warg's attack.
You closely miss the warg.
The warg is heavily wounded.
The warg barely misses you. You furiously retaliate!
You headbutt the warg, but do no damage.
Wargrak hits you but does no damage.
You slash the warg!
The warg is almost dead.
You block the warg's attack. Wargrak closely misses you.
You slash the warg!
You kill the warg!
That felt strangely unrewarding.
You block Wargrak's attack.
As you read the scroll labelled GIASUM UBRI, it crumbles to dust.
You speak a Word of immense power!
It was a scroll of holy word.
Wargrak hits you from afar with a +0 glaive!
You die...

### #.# ...######
#.? #....#.. ...
##...... #.#
...#..## #o#
.....# #o# #...#
#.# #.>.###o###..#
#.#..@......#
#.....#.##..##....
#.....#.....# ##
#.....###...#
#...[. #....#
#...... ###....
....... ..#.
#..#.## ..### .


You could see Wargrak the orc high priest.

Vanquished Creatures
  Pikel (D:4)
  Eustachio (D:5)
  A warg (D:8)
  An orc warrior (D:8)
  2 ice beasts
  3 ogres
  A centaur (D:5)
  A lemure (D:4)
  Blork the orc (D:6)
  A gnoll sergeant (D:6)
  6 killer bees (D:8)
  A centaur zombie (D:6)
  A bullfrog skeleton (D:5)
  A bullfrog zombie (D:6)
  4 hounds
  An orc priest (D:4)
  Crazy Yiuf (D:5)
  An iguana (D:5)
  3 orc wizards
  2 worker ants
  A hound zombie (D:6)
  A hound skeleton (D:5)
  5 gnolls (D:6)
  6 adders
  A shadow imp (D:6)
  2 ufetubi
  An adder zombie (D:8)
  2 oozes
  2 worms
  2 dart slugs
  4 leopard geckos
  19 orcs
  3 bats
  5 giant cockroaches
  8 hobgoblins
  13 jackals
  6 quokkas
  3 ball pythons (D:2)
  9 frilled lizards
  8 goblins
  6 kobolds
  A leopard gecko skeleton (D:4)
  10 rats
  4 toadstools (D:1)
156 creatures vanquished.

Vanquished Creatures (others)
  4 plants (D:5)
4 creatures vanquished.

Grand Total: 160 creatures vanquished

Notes
Turn   | Place    | Note
-------+----------+-------------------------------------------
     0 | D:1      | Rosaphim the Minotaur Fighter began the quest for the Orb.
     0 | D:1      | Reached XP level 1. HP: 19/19 MP: 0/0
   253 | D:1      | Reached XP level 2. HP: 27/27 MP: 1/1
   422 | D:1      | Reached skill level 4 in Armour
   672 | D:1      | Reached XP level 3. HP: 33/33 MP: 2/2
   699 | D:1      | Found Teresh's Antique Armour Boutique.
  1176 | D:2      | Found a burning altar of Makhleb.
  1597 | D:2      | Reached skill level 1 in Dodging
  1621 | D:2      | Reached XP level 4. HP: 36/40 MP: 3/3
  2420 | D:3      | Reached XP level 5. HP: 43/46 MP: 4/4
  2586 | D:3      | Found a glowing silver altar of Zin.
  2774 | D:4      | Reached skill level 5 in Armour
  2989 | D:4      | Noticed Pikel
  2989 | D:4      | Noticed a lemure
  2989 | D:4      | Noticed a lemure
  2990 | D:4      | Noticed a lemure
  2990 | D:4      | Noticed a lemure
  2997 | D:4      | Killed Pikel
  2997 | D:4      | Killed a lemure
  2998 | D:4      | Reached skill level 5 in Fighting
  2998 | D:4      | Reached skill level 5 in Axes
  2998 | D:4      | Reached skill level 6 in Armour
  2998 | D:4      | Reached skill level 5 in Shields
  2998 | D:4      | Reached XP level 6. HP: 48/56 MP: 5/5
  2998 | D:4      | Reached XP level 7. HP: 52/61 MP: 6/6
  3126 | D:4      | HP: 2/61 [orc priest/divine providence (15)]
  3489 | D:4      | Found an iron altar of Okawaru.
  3489 | D:4      | Found a faded altar of an unknown god.
  3495 | D:4      | Found a radiant altar of Vehumet.
  3497 | D:4      | Found an opulent altar of Gozag.
  3499 | D:4      | Found a faded altar of an unknown god.
  3502 | D:4      | Became a worshipper of Nemelex Xobeh the Trickster
  3502 | D:4      | Reached * piety under Nemelex Xobeh
  3502 | D:4      | Received a gift from Nemelex Xobeh
  3510 | D:4      | Fell from the grace of Nemelex Xobeh
  3510 | D:4      | Became a worshipper of Vehumet
  3510 | D:4      | Reached * piety under Vehumet
  3510 | D:4      | Offered knowledge of Sandblast by Vehumet.
  3525 | D:4      | Fell from the grace of Vehumet
  3525 | D:4      | Became a worshipper of Warmaster Okawaru
  3678 | D:4      | Found a snail-covered altar of Cheibriados.
  3692 | D:4      | Found a blossoming altar of Fedhas.
  3754 | D:4      | Found a sacrificial altar of Ru.
  3817 | D:5      | Entered Level 5 of the Dungeon
  4315 | D:5      | Reached XP level 8. HP: 70/70 MP: 7/7
  4343 | D:5      | Noticed Eustachio
  4354 | D:5      | Killed Eustachio
  4523 | D:5      | Found a runed translucent door.
  4524 | D:5      | Noticed Crazy Yiuf
  4762 | D:5      | Killed Crazy Yiuf
  4763 | D:5      | Reached skill level 7 in Armour
  5137 | D:6      | Reached * piety under Okawaru
  5283 | D:6      | Noticed Blork the orc
  5290 | D:6      | Killed Blork the orc
  5521 | D:6      | Found Nuatod's Assorted Antiques.
  5897 | D:6      | Found a shadowy altar of Dithmenos.
  6304 | D:6      | You fall into a shaft and drop 3 floors!
  6329 | D:8      | Reached ** piety under Okawaru
  6330 | D:8      | Reached skill level 8 in Armour
  6330 | D:8      | Reached XP level 9. HP: 69/79 MP: 8/8
  6383 | D:8      | Noticed Wargrak
  6391 | D:8      | Gained mutation: Your magical capacity is low. (-10% MP)
                  | [potion of mutation]
  6391 | D:8      | Gained mutation: You tend to lose your temper in combat.
                  | [potion of mutation]
  6391 | D:8      | Gained mutation: Potions are less effective at restoring
                  | your health. [potion of mutation]
  6391 | D:8      | Gained mutation: You are surrounded by a mild repulsion
                  | field. (EV +2) [potion of mutation]
  6393 | D:8      | HP: 2/80 [Wargrak the orc high priest/nerve-wracking
                  | pain[the wrath of Beogh] (8)]
  6399 | D:8      | Mangled by Wargrak the orc high priest

Illustrated notes

Levels and vault maps discovered:
D:1:      ldierk_water_garden, layout_loops_ring, serial_shops, shop,
          palyth_stone_intersect
D:2:      layout_basic, general_overflow_altar
D:3:      layout_basic, zin_scriptorium
D:4:      layout_cave_pools, chequers_temple_overflow_minitemple,
          lemuel_coloured_pillars_altar, amethyst_overflow_temple_binary,
          uniq_pikel
D:5:      layout_rooms, minmay_lizard_king, uniq_crazy_yiuf_cottage,
          uniq_eustachio
D:6:      layout_loops_cross, lemuel_doored_altar, serial_shops,
          nicolae_shop_trees, uniq_blork_the_orc
D:8:      layout_rooms, nicolae_yredelemnul_ghost_church
D:9:      cheibrodos_steamvent, layout_cross, lemuel_zombie_altar_kikubaaqudgha,
          orc_david_3, st_stairs_11, grunt_decor_mini_mirrors

Skill      XL: |  1  2  3  4  5  6  7  8 |
---------------+-------------------------+-----
Armour         | 4 6 8 |  8.1
Axes           | 3 4 5 6 7 |  7.7
Shields        | 4 5 6 7 |  7.9
Fighting       | 4 5 6 7 |  7.6
Dodging        | 1 |  1.2

Action                   |  1- 3 |  4- 6 |  7- 9 || total
-------------------------+-------+-------+-------++-------
Melee: War axe           |   103 |    98 |   175 ||   376
       Headbutt          |    11 |    22 |    50 ||    83
Throw: Javelin           |       |       |     4 ||     4
Invok: Heroism           |       |       |     1 ||     1
  Use: Scroll            |       |       |     9 ||     9
       Potion            |       |       |     4 ||     4
Armor: Scale mail        |    50 |    20 |       ||    70
       Chain mail        |       |    38 |    89 ||   127
Dodge: Dodged            |    36 |    28 |    58 ||   122
Block: Kite shield       |    71 |    70 |   130 ||   271

Table legend: (Time is in decaauts)
 A = Elapsed time spent in this place.
 B = Non-inter-level travel time spent in this place.
 C = Inter-level travel time spent in this place.
 D = Time resting spent in this place.
 E = Time spent auto-exploring this place.
 F = Levels seen in this place.
 G = Mean time per level.
                   A        B        C        D        E       F      G
               +--------+--------+--------+--------+--------+-----+--------+
         Total |   6571 |   6271 |    300 |   1103 |   4119 |   8 |  821.4 |
       Dungeon |   6571 |   6271 |    300 |   1103 |   4119 |   8 |  821.4 |
               +--------+--------+--------+--------+--------+-----+--------+

Top non-repeatable levels by time:
     D:5: 1335 daAuts
     D:1: 1208 daAuts
     D:6: 1200 daAuts
     D:4: 1174 daAuts
     D:3: 871 daAuts
     D:2: 678 daAuts
     D:8: 89 daAuts
     D:9: 12 daAuts
